 Dungeon Crawl Stone Soup version 0.26-a0-976-gd3b5134375 (webtiles) character file.

Game seed: 16068928115862085797

35 Gargoyl the Skirmisher (level 3, -2/35 HPs)
             Began as a Gnoll Abyssal Knight on Dec 5, 2020.
             Was a Follower of Lugonu.
             Slain by Natasha (8 damage)
             ... on level 2 of the Dungeon.
             The game lasted 00:02:38 (1710 turns).

Gargoyl the Skirmisher (Gnoll Abyssal Knight)       Turns: 1710, Time: 00:02:39

Health: -2/35      AC:  6    Str: 15    XL:     3   Next: 33%
Magic:  6/6        EV: 12    Int: 14    God:    Lugonu [*.....]
Gold:   78         SH:  0    Dex: 14    Spells: 3/3 levels left

rFire    . . .     SeeInvis .   a - +1 hand axe
rCold    . . .     Faith    .   (no shield)
rNeg     . . .     Spirit   .   o - +0 ring mail
rPois    .         Reflect  .   (no helmet)
rElec    .         Harm     .   (no cloak)
rCorr    .         Rampage  .   (no gloves)
MR       .....                  (no boots)
Stlth    +.........             j - amulet of inaccuracy
HPRegen  0.11/turn              (no ring)
MPRegen  0.10/turn              (no ring)

@: mighty
A: distributed training, fangs 1, strong nose
a: Depart the Abyss, Renounce Religion


You were on level 2 of the Dungeon.
You worshipped Lugonu.
Lugonu was aware of your devotion.
You visited 1 branch of the dungeon, and saw 2 of its levels.
You visited the Abyss 1 time.

You collected 78 gold pieces.

Inventory:

Hand Weapons
 a - a +1 hand axe (weapon)
Missiles
 d - 15 poisoned darts (quivered)
Armour
 o - a +0 ring mail (worn)
Jewellery
 j - an amulet of inaccuracy (around neck)
Scrolls
 e - a scroll of teleportation
 k - a scroll of identify
Potions
 b - a potion of flight


   Skills:
 + Level 6.5 Fighting
 + Level 0.7 Short Blades
 + Level 0.7 Long Blades
 + Level 4.5 Axes
 + Level 0.7 Maces & Flails
 + Level 0.7 Polearms
 + Level 0.7 Staves
 + Level 0.7 Slings
 + Level 0.7 Bows
 + Level 0.7 Crossbows
 + Level 0.7 Throwing
 + Level 4.5 Armour
 + Level 2.6 Dodging
 + Level 0.7 Stealth
 + Level 0.7 Shields
 + Level 0.7 Unarmed Combat
 + Level 0.7 Spellcasting
 + Level 0.5 Conjurations
 + Level 0.5 Hexes
 + Level 0.5 Summonings
 + Level 0.5 Necromancy
 + Level 0.5 Translocations
 + Level 0.5 Transmutations
 + Level 0.5 Fire Magic
 + Level 0.5 Ice Magic
 + Level 0.5 Air Magic
 + Level 0.5 Earth Magic
 + Level 0.5 Poison Magic
 + Level 4.5 Invocations
 + Level 0.7 Evocations


You had 3 spell levels left.
You didn't know any spells.
Your spell library was empty.

Dungeon Overview and Level Annotations

Branches:
Dungeon (2/15)

Altars:
Makhleb

Annotations:
D:2 Natasha


Innate Abilities, Weirdness & Mutations

Your experience applies equally to all skills.
You have very sharp teeth.
Your uncanny sense of smell can sniff out nearby items.


Message History

Natasha casts a spell.
It was a potion of cancellation.
Your magical effects are unravelling.
You feel magically purged.
Your magical contamination has completely faded away.
You feel yourself speed up.
You flicker back into view.
Natasha claws you but does no damage.
It was a potion of might.
You feel very mighty all of a sudden. Natasha claws you but does no damage.
You closely miss Natasha.
Natasha is moderately wounded.
Natasha barely misses you.
Unknown command.
You slash Natasha!
Natasha is almost dead.
Natasha claws you.
* * * LOW HITPOINT WARNING * * *
Natasha claws you!
You die...

...... #..(##.#.##
......##########......#...
....)..........+..........
............####....##....
......#†....# #........##
...h..#h##..# #...#.....#
..... #.# ..# #...#.#...#
..... #.############.##.##
.... #5h@....# #.....#
.... #######.# ####..#
#.#########... ∆
#............)
############.. ∆ #.. ##. ∆
#. #####.


You could see Natasha (resistant) and a shadow imp (summoned).

Vanquished Creatures
  An adder (D:2)
  2 dart slugs (D:1)
  A bat (D:1)
  A goblin (D:1)
  2 hobgoblins
  3 jackals (D:1)
  A ball python (D:1)
  3 frilled lizards (D:1)
  4 kobolds
  4 rats (D:1)
22 creatures vanquished.

Notes
Turn   | Place    | Note
-------+----------+-------------------------------------------
     0 | Abyss:1  | Gargoyl the Gnoll Abyssal Knight began the quest for the
                  | Orb.
     0 | Abyss:1  | Reached XP level 1. HP: 23/23 MP: 3/3
    74 | Abyss:1  | Noticed a small abomination
    87 | D:1      | Escaped the Abyss
   602 | D:1      | Reached XP level 2. HP: 26/29 MP: 5/5
  1499 | D:2      | Found a burning altar of Makhleb.
  1516 | D:2      | Reached * piety under Lugonu
  1517 | D:2      | Reached XP level 3. HP: 33/35 MP: 6/6
  1683 | D:2      | Noticed Natasha
  1710 | D:2      | Slain by Natasha

Illustrated notes

Levels and vault maps discovered:
D:1:      minmay_arrival_shoal_huts, layout_basic
D:2:      layout_basic, grunt_dithmenos_smoke, kiku_gazebo_pond_becter,
          lemuel_crystal_altar, uniq_natasha, uniq_crazy_yiuf_cottage

Action                   || total
-------------------------++-------
Melee: Hand axe          ||   106
       Bite              ||    12
Throw: Dart              ||     2
Invok: Depart the Abyss  ||     1
  Use: Scroll            ||     7
       Potion            ||     4
 Stab: Sleeping          ||     1
Armor: Ring mail         ||    24
       Leather armour    ||     9
Dodge: Dodged            ||    96

Table legend: (Time is in decaauts)
 A = Elapsed time spent in this place.
 B = Non-inter-level travel time spent in this place.
 C = Inter-level travel time spent in this place.
 D = Time resting spent in this place.
 E = Time spent auto-exploring this place.
 F = Levels seen in this place.
 G = Mean time per level.
                   A        B        C        D        E       F      G
               +--------+--------+--------+--------+--------+-----+--------+
         Total |   1726 |   1694 |     32 |      0 |   1390 |   3 |  575.3 |
       Dungeon |   1639 |   1607 |     32 |      0 |   1317 |   2 |  819.5 |
         Abyss |     87 |     87 |      0 |      0 |     73 |   1 |   87.0 |
               +--------+--------+--------+--------+--------+-----+--------+

Top non-repeatable levels by time:
     D:1: 1421 daAuts
     D:2: 217 daAuts
 Abyss:1: 87 daAuts
